 Dungeon Crawl Stone Soup version 0.29-a0-284-gf9362112df (webtiles) character file.

Game seed: 11570001248164865611

60 brightf1ame the Firebug (level 3, -4/19 HPs)
             Began as a Deep Elf Fire Elementalist on Mar 22, 2022.
             Slain by Terence
             ... wielding a +4 hand axe
              (5 damage)
             ... on level 3 of the Dungeon.
             The game lasted 00:35:36 (1627 turns).

brightf1ame the Firebug (DEFE)                      Turns: 1627, Time: 00:35:37

Health: -4/19      AC:  2    Str:  5      XL:     3   Next: 82%
Magic:  6/10       EV: 13    Int: 20 (21) God:
Gold:   97         SH:  0    Dex: 13 (15) Spells: 8/9 levels left

rFire   . . .      SeeInvis .   d - +0 hand axe
rCold   . . .      Faith    .   (no shield)
rNeg    . . .      Spirit   .   a - +0 robe
rPois   .          Reflect  .   (no helmet)
rElec   .          Harm     .   (no cloak)
rCorr   .          Rampage  .   (no gloves)
Will    .....                   (no boots)
Stlth   ++........              (no amulet)
HPRegen 0.06/turn               (no ring)
MPRegen 0.12/turn               (no ring)

@: no status effects
A: no striking features
a: no special abilities


You were on level 3 of the Dungeon.
You visited 1 branch of the dungeon, and saw 4 of its levels.

You collected 97 gold pieces.

Inventory:

Hand Weapons
 d - a +0 hand axe (weapon)
Armour
 a - a +0 robe (worn)
 f - a +0 buckler
Scrolls
 e - a scroll of identify
 g - a scroll of torment {unknown}
Potions
 b - a potion of magic


   Skills:
 + Level 0.3 Fighting
 + Level 0.6 Axes
 + Level 3.1 Dodging
 + Level 2.6 Stealth
 + Level 3.7 Spellcasting
 + Level 1.6 Conjurations
 + Level 3.9 Fire Magic


You had 8 spell levels left.
You knew the following spells:

 Your Spells              Type           Power      Damage    Failure   Level
a - Foxfire               Conj/Fire      56%        2x1d6     4%          1

Your spell library contained the following spells:

 Spells                   Type           Power      Damage    Failure   Level
 Scorch                   Fire           38%        2d6       4%          2
 Conjure Flame            Conj/Fire      14%        6-21      13%         3
 Inner Flame              Hex/Fire       11%        N/A       17%         3
 Ozocubu's Armour         Ice            3%         N/A       36%         3
 Flame Wave               Conj/Fire      14%        2d6       38%         4
 Ozocubu's Refrigeration  Ice            1%         4d5       100%        7


Dungeon Overview and Level Annotations

Branches:
Dungeon (4/15)
 Temple: D:4-7

Altars:

Shops:
D:4 *

Annotations:
D:3 Grinder, Terence


Message History

A kobold comes into view. It is wielding a +0 short sword.
Found 21 stones.
Found 11 gold pieces.
An orc comes into view. It is wielding a +0 trident.
The orc shouts!
Terence the Incautious comes into view.
He is wielding a +4 hand axe.
Casting: Foxfire (safe; 4% risk of failure)
Confirm with . or Enter, or press ? or * to list all spells.
You conjure some foxfire!
The kobold shouts!
The foxfire hits the kobold.
The kobold is moderately wounded.
Your foxfire dissipates!
Casting: Foxfire (safe; 4% risk of failure)
Confirm with . or Enter, or press ? or * to list all spells.
You conjure some foxfire!
The foxfire hits the kobold.
You kill the kobold!
Casting: Foxfire (safe; 4% risk of failure)
Confirm with . or Enter, or press ? or * to list all spells.
You conjure some foxfire!
The orc hits you from afar with a +0 trident.
Your foxfire dissipates!
The foxfire hits the orc.
You kill the orc!
Casting: Foxfire (safe; 4% risk of failure)
Confirm with . or Enter, or press ? or * to list all spells.
You conjure some foxfire!
Terence hits you with a +4 hand axe!
Your foxfire dissipates!
Terence attacks as you move away! Terence misses you.
Casting: Foxfire (safe; 4% risk of failure)
Confirm with . or Enter, or press ? or * to list all spells.
You conjure some foxfire!
Terence hits you with a +4 hand axe!
* * * LOW HITPOINT WARNING * * *
Your foxfire dissipates!
The foxfire hits Terence.
Terence is lightly wounded.
Okay, then.
Okay, then.
Terence attacks as you move away! Terence hits you with a +4 hand axe.
You die...

#...... #......
###############......
#.....>..............
#.###..#####.##......
#.............#......
####...##.....#......
#.#....#.....#......
#.ยง@...#######......
#....#@#..# #......
#.####.#..... #......
# #)#K###.# #######
#)#.. . $.. . .....
#...... #.......


You could see Terence.

Vanquished Creatures
  An adder (D:3)
  2 dart slugs
  An orc (D:3)
  5 bats
  7 endoplasms
  2 giant cockroaches
  6 goblins
  A hobgoblin (D:1)
  3 jackals (D:2)
  A quokka (D:2)
  4 ball pythons (D:1)
  A frilled lizard (D:1)
  3 kobolds
  3 rats (D:1)
40 creatures vanquished.

Vanquished Creatures (others)
  39 foxfires
39 creatures vanquished.

Grand Total: 79 creatures vanquished

Notes
Turn   | Place    | Note
-------+----------+-------------------------------------------
     0 | D:1      | brightf1ame the Deep Elf Fire Elementalist began the quest
                  | for the Orb.
     0 | D:1      | Reached XP level 1. HP: 10/10 MP: 6/6
   127 | D:1      | Reached XP level 2. HP: 4/15 MP: 6/8
   842 | D:2      | Reached XP level 3. HP: 19/19 MP: 8/10
  1361 | D:3      | Noticed Grinder
  1385 | D:3      | Paralysed by Grinder for 3 turns
  1478 | D:4      | Found Nonyom's General Store.
  1615 | D:3      | Noticed Terence
  1627 | D:3      | Slain by Terence

Illustrated notes

Levels and vault maps discovered:
D:1:      grunt_arrival_lava_bath, layout_basic
D:2:      layout_basic, ebering_ecumenical_altar_abandoned, uniq_robin
D:3:      layout_basic, uniq_terence, uniq_crazy_yiuf_cottage, uniq_grinder
D:4:      layout_loops_cross, minmay_temple_entry_offerings, serial_shops,
          nicolae_take_the_stairs, shop_statue, shop_scrolls, shop,
          kennysheep_mini_moat, uniq_edmund

Skill      XL: |  1  2  3 |
---------------+----------+-----
Dodging        | 3 |  3.1
Fighting       | |  0.3
Axes           | |  0.6
Stealth        | |  2.6
Spellcasting   | |  3.7
Conjurations   | |  1.6
Fire Magic     | |  3.9

Action                   || total
-------------------------++-------
Melee: Hand axe          ||    98
       Punch             ||     2
 Cast: Foxfire           ||    40
  Use: Scroll            ||     5
       Potion            ||     4
 Stab: Sleeping          ||     4
Armor: Robe              ||    34
Dodge: Dodged            ||   108

Table legend: (Time is in decaauts)
 A = Elapsed time spent in this place.
 B = Non-inter-level travel time spent in this place.
 C = Inter-level travel time spent in this place.
 D = Time resting spent in this place.
 E = Time spent auto-exploring this place.
 F = Levels seen in this place.
 G = Mean time per level.
                   A        B        C        D        E       F      G
               +--------+--------+--------+--------+--------+-----+--------+
         Total |   1654 |    657 |    997 |      0 |      0 |   4 |  413.5 |
       Dungeon |   1654 |    657 |    997 |      0 |      0 |   4 |  413.5 |
               +--------+--------+--------+--------+--------+-----+--------+

Top non-repeatable levels by time:
     D:1: 800 daAuts
     D:2: 483 daAuts
     D:3: 236 daAuts
     D:4: 133 daAuts
